 Dungeon Crawl Stone Soup version 0.28-a0-667-g162e43154e (webtiles) character file.

Game seed: 15203184780849556339

16 Lekart the Skirmisher (level 2, 0/26 HPs)
             Began as a Draconian Fighter on Oct 17, 2021.
             Was a Follower of Sif Muna.
             Slain by an adder (4 damage)
             ... on level 2 of the Dungeon.
             The game lasted 00:01:36 (525 turns).

Lekart the Skirmisher (Draconian Fighter)            Turns: 525, Time: 00:01:36

Health: 0/26       AC:  4    Str: 18    XL:     2   Next: 41%
Magic:  2/2        EV: 12    Int:  8    God:    Sif Muna [*.....]
Gold:   51         SH:  4    Dex: 10    Spells: 1/1 levels left

rFire   . . .      SeeInvis .   a - +0 long sword
rCold   . . .      Faith    .   b - +0 buckler
rNeg    . . .      Spirit   .   (armour unavailable)
rPois   .          Reflect  .   (helmet restricted)
rElec   .          Harm     .   (no cloak)
rCorr   .          Rampage  .   (no gloves)
Will    .....                   (no boots)
Stlth   +.........              (no amulet)
HPRegen 0.08/turn               (no ring)
MPRegen 0.08/turn               (no ring)

@: mighty
A: AC +4, unfitting armour, cold-blooded
a: Renounce Religion, Channel Magic


You were on level 2 of the Dungeon.
You worshipped Sif Muna.
Sif Muna was aware of your devotion.
You visited 1 branch of the dungeon, and saw 2 of its levels.

You collected 51 gold pieces.

Inventory:

Hand Weapons
 a - a +0 long sword (weapon)
Missiles
 f - 2 boomerangs (quivered)
Armour
 b - a +0 buckler (worn)
Scrolls
 e - a scroll of teleportation {unknown}
 g - a scroll of silence {unknown}
Potions
 d - a potion of flight {unknown}
 h - a potion of invisibility {unknown}


   Skills:
 * Level 3.6 Fighting
 + Level 2.0 Long Blades
 + Level 0.2 Throwing
 + Level 2.9 Dodging
 + Level 3.2 Shields


You had one spell level left.
You didn't know any spells.
Your spell library was empty.

Dungeon Overview and Level Annotations

Branches:
Dungeon (2/15)

Altars:
Sif Muna


Innate Abilities, Weirdness & Mutations

Your plain brown scales are hard. (AC +4)
You cannot fit into any form of body armour.
You are cold-blooded and may be slowed by cold attacks.


Message History

You closely miss the adder. The endoplasm freezes you.
You are frozen.
You feel yourself slow down. The adder barely misses you.
The endoplasm freezes you.
You are frozen.
You feel as though you will be slow longer.
You closely miss the adder. The adder closely misses you.
The hobgoblin closely misses you. The adder misses you.
The endoplasm freezes you.
You are frozen.
The hobgoblin closely misses you. The adder bites you.
You are poisoned.
The adder poisons you! You block the endoplasm's attack.
You slash the adder!
The adder is almost dead.
You feel sick. You block the adder's attack. The hobgoblin hits you.
The endoplasm jiggles.
The endoplasm misses you. The adder barely misses you.
The hobgoblin misses you. The endoplasm freezes you.
You are frozen.
You are too injured to fight recklessly!
You feel sick.
You are no longer poisoned.
The adder completely misses you. The hobgoblin hits you.
* * * LOW HITPOINT WARNING * * *
The adder closely misses you. The adder bites you but does no damage.
The adder barely misses you. The adder bites you but does no damage.
You miss the adder.
Your tail-slap misses the adder.
The adder is almost dead.
You feel yourself speed up. You block the adder's attack. The adder misses you.
You block the adder's attack.
You closely miss the adder.
Your tail-slap misses the adder.
The adder is severely wounded.
The adder bites you.
* * * LOW HITPOINT WARNING * * *
You feel very mighty all of a sudden. The adder bites you.
You die...

#####.....###..#
#..#...#'.####
..#...#...#
<.##...##.>#
#.....#### ....
####.### ....
..#.# #... #.#.#
#... #@#.#
.#.... #S#.#
......##J#.###
.#.....wJg...#
.........#.#.#
..#####).#.#.#
#.....# .
#...#.## ##
.!..##.#


You could see a worm, an adder, 2 endoplasms and a hobgoblin.

Vanquished Creatures
  A bat (D:1)
  2 goblins (D:1)
  2 hobgoblins
  A quokka (D:1)
  4 ball pythons
  A frilled lizard (D:1)
  A kobold (D:2)
  3 rats (D:1)
15 creatures vanquished.

Notes
Turn   | Place    | Note
-------+----------+-------------------------------------------
     0 | D:1      | Lekart the Draconian Fighter began the quest for the Orb.
     0 | D:1      | Reached XP level 1. HP: 19/19 MP: 1/1
   191 | D:1      | Reached XP level 2. HP: 26/26 MP: 2/2
   379 | D:1      | Found a faded altar of an unknown god.
   386 | D:1      | Prayed at the altar of an unknown god.
   386 | D:1      | Became a worshipper of Sif Muna the Loreminder
   386 | D:1      | Reached * piety under Sif Muna
   525 | D:2      | Slain by an adder

Illustrated notes

Levels and vault maps discovered:
D:1:      minmay_arrival_doors, layout_rooms,
          shapermc_ecumenical_altar_mp_highgroup
D:2:      layout_basic, grunt_ministairs_6, serial_bayou_pond_d,
          minmay_circle_x, uniq_terence, uniq_sigmund, uniq_natasha

Action                   || total
-------------------------++-------
Melee: Long sword        ||    24
Throw: Boomerang         ||    22
  Use: Potion            ||     1
 Stab: Sleeping          ||     1
Armor: Skin              ||    14
Dodge: Dodged            ||    35
Block: Buckler           ||    13

Table legend: (Time is in decaauts)
 A = Elapsed time spent in this place.
 B = Non-inter-level travel time spent in this place.
 C = Inter-level travel time spent in this place.
 D = Time resting spent in this place.
 E = Time spent auto-exploring this place.
 F = Levels seen in this place.
 G = Mean time per level.
                   A        B        C        D        E       F      G
               +--------+--------+--------+--------+--------+-----+--------+
         Total |    543 |    532 |     11 |      0 |    391 |   2 |  271.5 |
       Dungeon |    543 |    532 |     11 |      0 |    391 |   2 |  271.5 |
               +--------+--------+--------+--------+--------+-----+--------+

Top non-repeatable levels by time:
     D:1: 480 daAuts
     D:2: 62 daAuts
